 Dungeon Crawl Stone Soup version 0.19.0-2-gae57169 (webtiles) character file.

876 RudyRod the Covered (level 7, 0/53 HPs)
             Began as a Demonspawn Fighter on Nov 3, 2016.
             Was an Initiate of Okawaru.
             Killed by nerve-wracking pain
             ... invoked by Menkaure
              (8 damage)
             ... on level 4 of the Dungeon.
             The game lasted 00:11:41 (3646 turns).

RudyRod the Covered (Demonspawn Fighter)            Turns: 3646, Time: 00:11:42

Health: 0/53       AC: 15    Str: 18    XL:     7   Next: 74%
Magic:  7/7        EV:  9    Int:  9    God:    Okawaru [......]
Gold:   252        SH:  9    Dex: 13    Spells: 1 memorised, 3 levels left

rFire  x . .     SeeInvis .     g - +0 falchion (freeze)
rCold  + . .     Gourm    .     b - +0 scale mail
rNeg   . . .     Faith    .     c - +0 shield
rPois  .         Spirit   .     B - +2 helmet
rElec  .         Reflect  .     (no cloak)
rCorr  .         Harm     .     q - +0 pair of gloves
MR     .....                    (no boots)
Stlth  ..........               (no amulet)
                                (no ring)
                                p - ring of ice

@: no status effects
A: claws 1, iridescent scales 2, powered by death 1, rot immunity
a: Renounce Religion


You were on level 4 of the Dungeon.
You worshipped Okawaru.
Okawaru was noncommittal.
You were not hungry.

You visited 2 branches of the dungeon, and saw 5 of its levels.

You collected 252 gold pieces.

Inventory:

Hand Weapons
 a - a +0 long sword
 g - a +0 falchion of freezing (weapon)
 j - a +4 short sword
 C - a +3 quarterstaff of chaos
Armour
 b - a +0 scale mail (worn)
 c - a +0 shield (worn)
 q - a +0 pair of gloves (worn)
 v - a +0 cloak
 B - a +2 helmet (worn)
Jewellery
 p - a ring of ice (left hand)
Wands
 u - a wand of paralysis (15/24)
 F - a wand of acid (4/15)
Scrolls
 e - 2 scrolls of remove curse {unknown}
 h - a scroll of noise {unknown}
 i - a scroll of blinking {unknown}
 k - 2 scrolls of enchant weapon {unknown}
 n - 6 scrolls of identify {unknown}
 r - a scroll of fear {unknown}
 t - a scroll of teleportation {unknown}
 x - a scroll of magic mapping {unknown}
 y - a scroll of enchant armour {unknown}
Potions
 d - a potion of flight {unknown}
 o - a potion of agility {unknown}
 s - a potion of lignification {unknown}
Books
 w - a book of Minor Magic

   Spells                             Type                      Level
   a - Magic Dart                     Conjuration                  1
   b - Blink                          Translocation                2
   c - Call Imp                       Summoning                    2
   d - Repel Missiles                 Charms/Air                   2
   e - Slow                           Hexes                        2
   f - Conjure Flame                  Conjuration/Fire             3
   g - Mephitic Cloud                 Conjuration/Poison/Air       3
Comestibles
 f - 6 bread rations
 l - 5 meat rations
 m - a slice of pizza
 z - 3 fruits
 E - 2 chunks of flesh


   Skills:
 * Level 3.8 Fighting
 + Level 2.3(3.5) Short Blades
 * Level 3.9(4.3) Long Blades
 * Level 4.6 Armour
 * Level 3.0 Dodging
 * Level 4.5 Shields
 + Level 0.1 Unarmed Combat


You had 3 spell levels left.
You knew the following spells:

 Your Spells              Type           Power        Failure   Level  Hunger
a - Mephitic Cloud        Conj/Pois/Air  #.......     100%        3    ####...


Dungeon Overview and Level Annotations

Branches:
Dungeon (4/15)             Temple (1/1) D:4

Altars:
Ashenzari
Cheibriados
Dithmenos
Fedhas
Gozag
Hepliaklqana
Makhleb
Nemelex Xobeh
Okawaru
Qazlal
Ru
Sif Muna
Uskayaw
Xom
Zin
The Shining One

Shops:
D:4 (

Annotations:
D:4 Menkaure


Innate Abilities, Weirdness & Mutations

You have sharp fingernails.
You are mostly covered in iridescent scales. (AC +4)
You regenerate a little health from kills.
You are immune to rotting.


Message History

Menkaure is severely damaged.
Menkaure gestures wildly while chanting.
Menkaure casts a spell at you. Pain shoots through your body!
* * * LOW HITPOINT WARNING * * *
You hit Menkaure. You freeze Menkaure.
Menkaure is severely damaged.
Menkaure barely misses you.
You riposte.
You barely miss Menkaure.
Menkaure is severely damaged.
You feel better. You block Menkaure's attack.
It was a potion of cancellation.
You feel magically purged. Menkaure barely misses you.
You riposte.
You barely miss Menkaure.
Menkaure is severely damaged.
Menkaure hits you!
* * * LOW HITPOINT WARNING * * *
You hit Menkaure.
Menkaure is almost destroyed.
Menkaure gestures at you while chanting.
Pain shoots through your body!
You die...

#.# #..+....###### ###
#.###.##.........#####
#....)...##......##...
#####.#...........#...
#.#...........#...
#.#...........#...
#.#...........#...
#.#...........#..>
#@#...........#...
#M#...........####
#.#...........#
#.#...........#
#.#...........#
#.#####+####### #.#
#+#


You could see Menkaure.

Vanquished Creatures
  Grinder (D:3)
  An ogre (D:3)
  Blork the orc (D:4)
  A scorpion (D:4)
  4 killer bees (D:3)
  A bullfrog zombie (D:3)
  Crazy Yiuf (D:3)
  2 orc priests (D:3)
  2 orc wizards
  Robin (D:3)
  A gnoll (D:1)
  2 adders
  2 oozes
  2 dart slugs (D:1)
  3 leopard geckos
  9 orcs
  4 giant cockroaches
  19 goblins
  12 hobgoblins
  2 bats (D:3)
  A frilled lizard (D:2)
  6 kobolds
  12 rats
90 creatures vanquished.

Notes
Turn   | Place    | Note
-------+----------+-------------------------------------------
     0 | D:1      | RudyRod the Demonspawn Fighter began the quest for the Orb.
     0 | D:1      | Reached XP level 1. HP: 18/18 MP: 1/1
   200 | D:1      | Gained mutation: You regenerate a little health from kills. [demonic ancestry]
   200 | D:1      | Reached XP level 2. HP: 18/24 MP: 2/2
   777 | D:1      | Reached XP level 3. HP: 26/29 MP: 3/3
   880 | D:2      | Found an opulent altar of Gozag.
  1528 | D:3      | HP: 1/29 [orc/club (2)]
  1529 | D:3      | Reached skill level 1 in Dodging
  1529 | D:3      | Gained mutation: You are partially covered in iridescent scales. (AC +2) [demonic ancestry]
  1529 | D:3      | Reached XP level 4. HP: 1/35 MP: 4/4
  1560 | D:3      | Reached skill level 1 in Short Blades
  1631 | D:3      | Noticed Grinder
  1632 | D:3      | Paralysed by Grinder for 3 turns
  1667 | D:3      | Killed Grinder
  1667 | D:3      | Gained mutation: You are mostly covered in iridescent scales. (AC +4) [demonic ancestry]
  1667 | D:3      | Reached XP level 5. HP: 25/41 MP: 5/5
  1667 | D:3      | Gained mutation: You have sharp fingernails. [demonic ancestry]
  1667 | D:3      | Reached XP level 6. HP: 29/47 MP: 6/6
  2020 | D:3      | Learned a level 3 spell: Mephitic Cloud
  2189 | D:3      | Noticed Robin
  2254 | D:3      | Killed Robin
  2310 | D:3      | Found a runed door.
  2314 | D:3      | Noticed Crazy Yiuf
  2324 | D:3      | Killed Crazy Yiuf
  2475 | D:3      | Gained mutation: You are immune to rotting. [demonic ancestry]
  2475 | D:3      | Reached XP level 7. HP: 38/52 MP: 7/7
  3064 | D:4      | Found Tunes's Weapon Shop.
  3364 | D:4      | Found a staircase to the Ecumenical Temple.
  3377 | Temple   | Entered the Ecumenical Temple
  3458 | Temple   | Became a worshipper of Warmaster Okawaru
  3558 | D:4      | Noticed Blork the orc
  3578 | D:4      | Killed Blork the orc
  3633 | D:4      | Noticed Menkaure
  3646 | D:4      | Killed from afar by Menkaure

Skill      XL: |  1  2  3  4  5  6  7 |
---------------+----------------------+-----
Armour         | 3 4 |  4.6
Long Blades    | 2 3 |  3.9
Dodging        | 1 2 3 |  3.0
Shields        | 3 4 |  4.5
Short Blades   | 2 |  2.3
Fighting       | |  3.8
Unarmed Combat | |  0.1

Action                   |  1- 3 |  4- 6 |  7- 9 || total
-------------------------+-------+-------+-------++-------
Melee: Long sword        |    43 |       |       ||    43
       Short sword       |    69 |     9 |       ||    78
       Falchion          |       |   195 |   120 ||   315
       Unarmed           |       |     3 |       ||     3
  Use: Potion            |       |     2 |     3 ||     5
  Eat: Chunk             |     2 |       |     1 ||     3
       Meat ration       |       |     1 |       ||     1
       Bread ration      |       |       |     1 ||     1
Armor: Scale mail        |    38 |    97 |    44 ||   179
Dodge: Dodged            |    31 |    72 |    47 ||   150
Block: Shield            |    43 |   123 |    62 ||   228
       Rpst.: Long sword |     4 |       |       ||     4
       Falchion          |       |    24 |    15 ||    39
